 Dungeon Crawl Stone Soup version 0.26-a0-466-g989023bd0d (webtiles) character file.

Game seed: 11857702413075645455

22077 Morbidden the Spry (level 12, -5/56 HPs)
             Began as a Felid Conjurer on July 28, 2020.
             Was a High Priest of Wu Jian.
             Splashed by an oklob plant's acid (10 damage)
             ... on level 4 of the Lair of Beasts on July 29, 2020.
             The game lasted 01:04:41 (25635 turns).

Morbidden the Spry (Felid Conjurer)                Turns: 25635, Time: 01:04:42

Health: -5/56      AC: -5    Str:  5    XL:     12   Next: 59%
Magic:  0/27       EV: 40    Int: 21    God:    Wu Jian [*****.]
Gold:   830        SH:  0    Dex: 16    Spells: 16/31 levels left
                                        Lives:  0   Deaths: 2

rFire    . . .     SeeInvis +     - Unarmed
rCold    + . .     Faith    .   (shield unavailable)
rNeg     . . .     Spirit   +   (armour unavailable)
rPois    .         Reflect  .   (helmet unavailable)
rElec    .         Harm     .   (cloak unavailable)
rCorr    .                      (gloves unavailable)
MR       +....                  (boots unavailable)
Stlth    ++++......             s - amulet of guardian spirit
HPRegen  0.18/turn              p - +4 ring of evasion
MPRegen  0.20/turn              D - +4 ring of evasion

@: corroded, quick
A: very small, no armour, no weapons or thrown items, stealth, claws 1, fangs 3,
see invisible, speed 1, shaggy fur 3, sharp paws
a: Wall Jump, Serpent's Lash, Heavenly Storm, Renounce Religion


You were on level 4 of the Lair of Beasts.
You worshipped Wu Jian.
Wu Jian was extremely pleased with you.
You visited 2 branches of the dungeon, and saw 15 of its levels.
You also visited: Ossuary and Volcano.

You collected 1337 gold pieces.
You spent 507 gold pieces at shops.

Inventory:

Jewellery
 a - an uncursed ring of wizardry
 i - an uncursed ring of protection from magic
 p - a +4 ring of evasion (left paw)
 s - an amulet of guardian spirit (around neck)
 C - an uncursed ring of protection from fire
 D - a +4 ring of evasion (right paw)
Wands
 m - a wand of acid (7)
 w - a wand of iceblast (1)
 y - a wand of random effects (26)
 I - a wand of flame (15)
 K - a wand of clouds (5)
 N - a wand of enslavement (9)
Scrolls
 d - 3 scrolls of noise
 f - 2 scrolls of amnesia
 j - 2 scrolls of enchant armour {unknown}
 k - 12 scrolls of remove curse
 l - 7 scrolls of teleportation
 n - a scroll of immolation
 x - 5 scrolls of magic mapping
 A - a scroll of summoning {unknown}
 F - a scroll of fog
 G - a scroll of blinking
 H - a scroll of torment {unknown}
Potions
 b - 11 potions of curing
 c - 2 potions of berserk rage
 e - 2 potions of haste
 g - 2 potions of lignification
 h - 2 potions of brilliance
 o - a potion of magic
 q - 3 potions of flight
 r - 2 potions of stabbing
 t - 3 potions of cancellation
 u - a potion of ambrosia
 v - 2 potions of resistance
 z - a potion of degeneration {unknown}


   Skills:
 * Level 8.3 Fighting
 * Level 16.8 Dodging
 + Level 8.4 Stealth
 + Level 10.6 Unarmed Combat
 * Level 10.1 Spellcasting
 + Level 7.0 Conjurations
 + Level 5.1 Translocations
 * Level 0.9 Air Magic
 + Level 1.2 Evocations


You had 16 spell levels left.
You knew the following spells:

 Your Spells              Type           Power        Failure   Level
a - Magic Dart            Conj           ####         1%          1
b - Searing Ray           Conj           #####.       1%          2
c - Airstrike             Air            ##........   41%         4
d - Fulminant Prism       Conj/Hex       ####......   16%         4
z - Iskenderun's Mystic   Conj/Tloc      #####...     5%          4

Your spell library contained the following spells:

 Spells                   Type           Power        Failure   Level
 Shock                    Conj/Air       ####         1%          1
 Blink                    Tloc           N/A          1%          2
 Static Discharge         Conj/Air       ####....     3%          3
 Conjure Flame            Conj/Fire      ####....     4%          3
 Dazzling Flash           Conj/Hex       ####..       4%          3
 Stone Arrow              Conj/Erth      ####..       4%          3
 Sandblast                Erth           ##....       6%          1
 Mephitic Cloud           Conj/Pois/Air  ###.....     6%          3
 Swiftness                Air            ##......     7%          2
 Passage of Golubria      Tloc           N/A          8%          4
 Call Imp                 Summ           ##......     10%         2
 Passwall                 Tmut/Erth      ##......     10%         2
 Slow                     Hex            ##......     10%         2
 Lightning Bolt           Conj/Air       ####......   34%         5
 Petrify                  Tmut/Erth      ##......     54%         4
 Lee's Rapid Deconstruct  Erth           ##........   87%         5
 Invisibility             Hex            ##......     100%        6


Dungeon Overview and Level Annotations

Branches:
Dungeon (11/15)            Temple (0/1) D:7            Lair (4/6) D:8
  Swamp (0/4) Lair:3       Spider (0/4) Lair:3          Orc (0/2) D:10
Ossuary (visited)         Volcano (visited)

Altars:
Elyvilon
Kikubaaqudgha
Okawaru
Uskayaw
Wu Jian
Xom
The Shining One

Shops:
D:5 *   D:10 !

Annotations:
D:4 3 runed translucent doors, MrRokkomies's ghost, weakling PaDe
D:7 4 runed translucent doors
Lair:1 2 transporters, Askman's ghost, journeyman DsBr
Lair:4 exclusion: oklob plant


Innate Abilities, Weirdness & Mutations

You cannot wear armour.
You are incapable of wielding weapons or throwing items.
Your paws allow you to move quietly. (Stealth)
You have sharp claws.
You have razor-sharp teeth.
You have supernaturally acute eyesight. (SInv)
You cover ground quickly.
Your thick and shaggy fur keeps you warm. (AC +3, rC+)
Your sharp claws are effective at attacking unaware monsters.


Message History

Unknown command.
Your fulminant prism crackles loudly.
Your fulminant prism explodes!
Unknown command.
Really walk into a travel-excluded area?
The oklob plant spits acid at you. The splash of acid hits you!
You are splashed with acid!
Unknown command.
Casting: Fulminant Prism (quite dangerous; 16% risk of failure)
Confirm with . or Enter, or press ? or * to list all spells.
The spell is quite dangerous to cast (16% risk of failure)!
Continue anyway?
Aiming: Fulminant Prism (quite dangerous; 16% risk of failure)
Press: ? - help, Dir - move target cursor You conjure a prism of explosive energy!
A fulminant prism comes into view.
The oklob plant spits acid at you. The splash of acid hits you!
* * * LOW HITPOINT WARNING * * *
The acid corrodes you!
You are splashed with acid!
You die...

...... ##................
###.................
#................... ##
######.#.................
.########.##.#...................
.....<....<..................Y...
....................*............
>...............@..........Y<....
.###.#.P..#P..#.###...P..........
## ##.#########.# ..#...........
# ### ### .#..Y........
#........... ............
............ .!..........


You could see an oklob plant and a friendly fulminant prism.

Vanquished Creatures
  Gastronok (Lair:3)
  Snorg (Lair:3)
  A hydra (Lair:1)
  2 two-headed ogres
  Urug (D:10)
  2 skeletal warriors (Volcano)
  2 unseen horrors
  2 anaconda skeletons (Volcano)
  A necromancer (Lair:3)
  An elephant (Lair:3)
  3 black mambas (Lair:3)
  A torpor snail (Lair:3)
  3 cane toads
  3 kobold demonologists (D:11)
  A rime drake (Lair:1)
  5 gargoyles
  A demonic crawler (Lair:3)
  A komodo dragon (D:11)
  2 hornets
  2 tyrant leeches (Lair:3)
  3 blink frogs (Lair:1)
  7 hippogriffs
  2 harpy skeletons (Volcano)
  4 dream sheep
  2 flying skulls (Volcano)
  Sigmund (D:6)
  2 alligator skeletons (Volcano)
  26 yaks
  2 wyverns
  4 basilisks
  A steam dragon (D:6)
  3 wargs
  2 porcupines
  8 water moccasins
  2 sky beasts
  A black bear (D:7)
  5 orc warriors
  3 ice beasts
  2 elephant zombies (Lair:3)
  A necrophage (D:6)
  4 ogres
  5 phantoms
  7 centaurs
  4 wolves (Lair:1)
  5 crocodiles
  2 big kobolds
  12 bullfrogs
  16 scorpions
  6 killer bees (D:11)
  A spriggan skeleton (Volcano)
  26 wights
  5 electric eels
  A bullfrog zombie (D:8)
  A centaur zombie (Ossuary)
  5 hounds
  3 jellies
  5 orc priests
  13 orc wizards
  2 bullfrog skeletons
  A centaur skeleton (D:4)
  6 iguanas
  A human zombie (Ossuary)
  Natasha (thrice) (D:2)
  13 worker ants
  2 killer bee zombies (D:8)
  A crocodile zombie (Lair:3)
  3 big kobold zombies (Ossuary)
  3 naga skeletons (Volcano)
  2 hound skeletons
  4 mummies
  A worker ant zombie (D:10)
  7 gnolls
  2 scorpion zombies (Ossuary)
  16 adders
  A shadow imp (D:7)
  A white imp (D:6)
  3 ufetubi
  4 oozes
  3 adder skeletons
  2 worms
  2 dart slugs (D:1)
  6 leopard geckos
  48 orcs
  8 bats
  6 giant cockroaches
  A gnoll zombie (Ossuary)
  11 goblins
  8 hobgoblins
  17 jackals
  4 quokkas
  7 frilled lizards
  3 goblin zombies (Ossuary)
  2 hobgoblin zombies (Ossuary)
  A jackal zombie (D:5)
  11 kobolds
  A leopard gecko skeleton (D:4)
  2 orc zombies (Ossuary)
  5 rats
  A plant (Lair:1)
463 creatures vanquished.

Vanquished Creatures (others)
  An anaconda skeleton (Volcano)
  A flying skull (Volcano)
  A warg (D:8)
  A scorpion (Ossuary)
  An orc (D:11)
  A kobold zombie (Ossuary)
  7 fulminant prisms (Lair:4)
  2 fungi
  11 plants
26 creatures vanquished.

Grand Total: 489 creatures vanquished

Notes
Turn   | Place    | Note
-------+----------+-------------------------------------------
     0 | D:1      | Morbidden the Felid Conjurer began the quest for the Orb.
     0 | D:1      | Reached XP level 1. HP: 7/7 MP: 4/4
   388 | D:1      | Reached XP level 2. HP: 11/11 MP: 1/6
   713 | D:1      | Reached skill level 3 in Dodging
  1064 | D:1      | Reached XP level 3. HP: 14/14 MP: 0/7
  1196 | D:1      | Learned a level 2 spell: Searing Ray
  1784 | D:2      | Noticed Natasha
  1804 | D:2      | Killed Natasha
  1804 | D:2      | Reached XP level 4. HP: 18/18 MP: 6/9
  1819 | D:2      | Noticed Natasha
  1824 | D:2      | Killed Natasha
  1824 | D:2      | Reached skill level 1 in Fighting
  2109 | D:2      | Noticed Natasha
  2114 | D:2      | Killed Natasha
  2256 | D:2      | Reached XP level 5. HP: 22/22 MP: 10/10
  2952 | D:3      | Reached skill level 1 in Unarmed Combat
  3848 | D:3      | Found a glowing golden altar of the Shining One.
  4168 | D:4      | Noticed an ogre
  4184 | D:4      | Reached skill level 4 in Dodging
  4184 | D:4      | Gained mutation: You are covered in thick fur. (AC +2)
                  | [Felid growth]
  4184 | D:4      | Reached XP level 6. HP: 19/25 MP: 6/13
  4581 | D:4      | Found a hide-covered altar of Uskayaw.
  4582 | D:4      | Found an iron altar of Okawaru.
  4582 | D:4      | Found a shimmering altar of Xom.
  4692 | D:4      | Found an ornate altar of the Wu Jian Council.
  4698 | D:4      | Found a white marble altar of Elyvilon.
  4713 | D:4      | Became a worshipper of the Wu Jian Council
  4813 | D:4      | Reached XP level 7. HP: 30/30 MP: 14/14
  4909 | D:4      | Found a runed translucent gate.
  4910 | D:4      | Found a runed translucent gate.
  4911 | D:4      | Found a runed translucent gate.
  4914 | D:4      | Noticed MrRokkomies's ghost (weakling PaDe)
  5401 | D:5      | Entered Level 5 of the Dungeon
  5412 | D:5      | Reached skill level 5 in Conjurations
  5507 | D:5      | Found a white marble altar of Elyvilon.
  5670 | D:5      | Found Manlaurph's Assorted Antiques.
  5705 | D:5      | Bought a viscous puce potion for 27 gold pieces
  5871 | D:5      | Reached skill level 5 in Spellcasting
  6044 | D:5      | Found an ancient bone altar of Kikubaaqudgha.
  6252 | D:5      | Reached skill level 5 in Dodging
  6661 | D:6      | Noticed Sigmund
  6848 | D:6      | Reached XP level 8. HP: 29/34 MP: 8/17
  6916 | D:6      | Killed Sigmund
  6919 | D:6      | Reached * piety under Wu Jian
  7467 | D:6      | Reached skill level 6 in Dodging
  7628 | D:6      | Reached skill level 5 in Stealth
  7913 | D:6      | Reached XP level 9. HP: 39/39 MP: 19/19
  8611 | D:7      | Reached ** piety under Wu Jian
  8796 | D:7      | Found a large runed translucent door.
  8796 | D:7      | Found a large runed translucent door.
  8862 | D:7      | Noticed a red ugly thing
  8880 | D:7      | Found a large runed translucent door.
  8880 | D:7      | Found a large runed translucent door.
  9104 | D:7      | Found a staircase to the Ecumenical Temple.
  9149 | D:7      | Noticed a two-headed ogre
  9193 | D:7      | Killed a two-headed ogre
  9193 | D:7      | Reached skill level 5 in Fighting
  9193 | D:7      | Reached skill level 7 in Dodging
  9193 | D:7      | Reached skill level 5 in Unarmed Combat
  9657 | D:8      | Found a sand-covered staircase.
  9663 | Ossuary  | Entered an ossuary
  9805 | Ossuary  | Reached XP level 10. HP: 44/44 MP: 15/22
 10062 | Ossuary  | Reached *** piety under Wu Jian
 10601 | D:8      | Reached skill level 14 in Dodging
 10601 | D:8      | Reached XP level 11. HP: 48/48 MP: 23/23
 10630 | D:8      | Found a staircase to the Lair.
 13780 | D:9      | Reached **** piety under Wu Jian
 14399 | D:10     | Entered Level 10 of the Dungeon
 15037 | D:10     | Noticed Urug
 15080 | D:10     | Killed Urug
 15138 | D:10     | Found a staircase to the Orcish Mines.
 15465 | D:10     | Noticed an unseen horror
 15468 | D:10     | Killed an unseen horror
 15741 | D:10     | Found Xaggis's Distillery.
 15950 | D:10     | Bought a potion of heal wounds for 50 gold pieces
 15950 | D:10     | Bought a potion of curing for 30 gold pieces
 15950 | D:10     | Bought a potion of curing for 30 gold pieces
 15950 | D:10     | Bought a potion of curing for 30 gold pieces
 15950 | D:10     | Bought a potion of curing for 30 gold pieces
 15950 | D:10     | Bought a potion of haste for 100 gold pieces
 15950 | D:10     | Bought a potion of lignification for 30 gold pieces
 15950 | D:10     | Bought a potion of magic for 80 gold pieces
 15950 | D:10     | Bought a potion of resistance for 100 gold pieces
 16011 | D:11     | Reached skill level 15 in Dodging
 16132 | D:11     | Noticed an unseen horror
 16159 | D:11     | Killed an unseen horror
 16159 | D:11     | Gained mutation: Your thick and shaggy fur keeps you warm.
                  | (AC +3, rC+) [Felid growth]
 16159 | D:11     | Reached XP level 12. HP: 40/53 MP: 19/25
 16554 | D:11     | Noticed a two-headed ogre
 16676 | D:11     | Killed a two-headed ogre
 17147 | D:11     | Reached ***** piety under Wu Jian
 17373 | D:11     | Learned a level 4 spell: Iskenderun's Mystic Blast
 17694 | D:11     | Reached skill level 1 in Translocations
 18262 | Lair:1   | Entered Level 1 of the Lair of Beasts
 18403 | Lair:1   | Found a dark tunnel.
 18440 | Volcano  | Entered a volcano
 18710 | Volcano  | Killed from afar by a gargoyle
 18711 | Volcano  | Reached XP level 11. HP: -1/50 MP: 0/25
 18803 | Volcano  | Engulfed by a cloud of flame
 18804 | Volcano  | Reached XP level 10. HP: -2/47 MP: 0/24
 18856 | Volcano  | Noticed a gargoyle
 18858 | Volcano  | Killed a gargoyle
 18903 | Volcano  | Noticed a skeletal warrior
 18906 | Volcano  | Noticed a gargoyle
 18907 | Volcano  | Killed a gargoyle
 18909 | Volcano  | Noticed a skeletal warrior
 18993 | Volcano  | Reached XP level 11. HP: 22/50 MP: 10/25
 18999 | Volcano  | Killed a skeletal warrior
 19220 | Volcano  | Killed a skeletal warrior
 20168 | Lair:1   | Noticed a five-headed hydra
 20195 | Lair:1   | Killed a five-headed hydra
 20284 | Lair:1   | Found a transporter.
 20284 | Lair:1   | Noticed Askman's ghost (journeyman DsBr)
 20287 | Lair:1   | Found a transporter.
 20945 | Lair:1   | Upgraded the game from 0.26-a0-451-gacbe401039 to
                  | 0.26-a0-466-g989023bd0d
 21043 | Lair:2   | Reached skill level 16 in Dodging
 21293 | Lair:2   | Reached skill level 5 in Translocations
 21405 | Lair:2   | Reached skill level 10 in Unarmed Combat
 22284 | Lair:3   | Reached XP level 12. HP: 55/55 MP: 26/26
 22317 | Lair:3   | Found a hole to the Spider Nest.
 22405 | Lair:3   | Noticed Gastronok
 22973 | Lair:3   | Noticed Snorg
 23036 | Lair:3   | Killed Snorg
 23036 | Lair:3   | Reached skill level 1 in Evocations
 23086 | Lair:3   | Reached skill level 10 in Spellcasting
 23094 | Lair:2   | HP: 2/55 [poisoned by a black mamba]
 23381 | Lair:3   | Found a staircase to the Swamp.
 23998 | Lair:3   | Learned a level 4 spell: Airstrike
 24402 | Lair:3   | Killed Gastronok
 24954 | Lair:4   | Learned a level 4 spell: Fulminant Prism
 25635 | Lair:4   | Splashed by an oklob plant's acid

Illustrated notes

Levels and vault maps discovered:
D:1:      heliophobic_arrival_battle_scene, layout_basic, minmay_vboxes
D:2:      layout_basic, uniq_natasha
D:3:      layout_rooms, tso_altar, guppyfry_early_orc_mine
D:4:      layout_basic, minmay_overflow_temple_star_hex,
          gammafunk_ghost_necromancy
D:5:      layout_cave_pods, marbit_many_paths, serial_shops,
          nicolae_shop_temple_entry_statues_fountains, grunt_ministairs_3,
          elyvilon_altar_3
D:6:      layout_basic, minmay_bent, uniq_sigmund
D:7:      layout_cave_pods, temple_doors_e, grunt_decor_fettered,
          minmay_hollow_rounded_squares
D:8:      layout_basic, erik_lair_orcish_takeover, gup_ossuary_entry_pyramid
D:9:      layout_layer_cave, chequers_big_river, st_stairs_9,
          serial_bayou_lagoon_a
D:10:     layout_roguey, minmay_orc_entry_guard_dogs, serial_shops,
          nicolae_shop_window_shopping, grunt_decor_one_mirror, uniq_urug
D:11:     layout_irregular_city, minmay_lizard_king
Lair:1:   layout_roguey, enter_volcano_4, gammafunk_ghost_arena,
          beast_lair_carwin_2
Lair:2:   layout_cave_pods, grunt_megastairs_1
Lair:3:   pond_and_an_island_with_a_cottage, layout_hall_layers,
          minmay_swamp_entry_worms, nicolae_spider_entry_non_spiders,
          uniq_gastronok, uniq_snorg
Lair:4:   layout_hall_layers, grunt_forest_large_clearings

Skill      XL: |  1  2  3  4  5  6  7  8  9 10 11 12 |
---------------+-------------------------------------+-----
Conjurations   | 4 5 6 7 |  7.0
Dodging        | 3 4 5 6 7 14 16 | 16.8
Fighting       | 1 2 3 4 5 6 8 |  8.3
Stealth        | 3 4 5 6 8 |  8.4
Spellcasting   | 3 4 5 6 7 8 10 | 10.1
Unarmed Combat | 1 2 4 5 9 10 | 10.6
Translocations | 4 5 3 |  5.1
Evocations     | 1 |  1.2
Air Magic      | |  0.9

Action                   |  1- 3 |  4- 6 |  7- 9 | 10-12 || total
-------------------------+-------+-------+-------+-------++-------
Melee: Unarmed           |    35 |    39 |   165 |  1305 ||  1544
       Bite              |       |     8 |    17 |   139 ||   164
       Punch             |       |       |     3 |    55 ||    58
 Cast: Magic Dart        |    76 |    92 |   104 |   151 ||   423
       Searing Ray       |     5 |    18 |    51 |   106 ||   180
       Iskenderun's Myst |       |       |       |    14 ||    14
       Fulminant Prism   |       |       |       |     8 ||     8
Invok: Lunge             |       |     1 |    14 |    78 ||    93
       Whirlwind         |       |       |     1 |    33 ||    34
       Serpent's Lash    |       |       |       |     6 ||     6
 Abil: Wall Jump         |       |       |       |    15 ||    15
Evoke: Wand              |       |       |       |    32 ||    32
  Use: Scroll            |     1 |     9 |     8 |    11 ||    29
       Potion            |       |       |       |    16 ||    16
 Stab: Sleeping          |     2 |     6 |    14 |    40 ||    62
       Confused          |       |       |       |     4 ||     4
       Distracted        |       |       |       |     1 ||     1
Armor: Skin              |     3 |     1 |     5 |    73 ||    82
Dodge: Dodged            |    46 |    34 |   217 |  1669 ||  1966

Table legend: (Time is in decaauts)
 A = Elapsed time spent in this place.
 B = Non-inter-level travel time spent in this place.
 C = Inter-level travel time spent in this place.
 D = Time resting spent in this place.
 E = Time spent auto-exploring this place.
 F = Levels seen in this place.
 G = Mean time per level.
                   A        B        C        D        E       F      G
               +--------+--------+--------+--------+--------+-----+--------+
         Total |  23278 |  22660 |    618 |   4031 |  14002 |  17 | 1369.3 |
       Dungeon |  15696 |  15269 |    427 |   1699 |  10741 |  11 | 1426.9 |
          Lair |   5887 |   5696 |    191 |   2025 |   2589 |   4 | 1471.8 |
       Ossuary |    875 |    875 |      0 |     22 |    599 |   1 |  875.0 |
       Volcano |    819 |    819 |      0 |    284 |     72 |   1 |  819.0 |
               +--------+--------+--------+--------+--------+-----+--------+

Top non-repeatable levels by time:
     D:9: 2052 daAuts
    D:11: 2032 daAuts
  Lair:3: 1995 daAuts
     D:8: 1656 daAuts
  Lair:1: 1656 daAuts
  Lair:2: 1578 daAuts
     D:5: 1550 daAuts
     D:1: 1489 daAuts
     D:3: 1241 daAuts
     D:6: 1227 daAuts
    D:10: 1205 daAuts
     D:4: 1138 daAuts
     D:7: 1054 daAuts
     D:2: 1048 daAuts
 Ossuary: 875 daAuts
